Description

A timing attack of marines with siege tanks and +1 infantry attack at ~6:25.

Unit Composition

You should have:

  • 1 Reaper.
  • 4 Hellions.
  • 1 Viking.
  • Marines.
  • 2 Siege Tanks.
  • 2 Medivacs.

VOD

https://www.twitch.tv/videos/394769860?t=05h15m48s

Replay - Elazer v Maru - 凯罗斯中转站-天梯版

Build Order

Get SALT Encoding   

  14  0:17  Supply Depot  
  15  0:30  Refinery  
  16  0:43  Barracks  
  19  1:30  Reaper, Orbital Command  
  20  1:41  Command Center  
  20  1:52  Factory  
  21  2:08  Barracks Reactor  
  22  2:11  Supply Depot  
  22  2:15  Refinery  
  24  2:44  Starport  
  25  2:48  Hellion x2  Rally to enemy base.
  29  2:54  Orbital Command  
  30  3:06  Barracks Tech Lab  
  31  3:11  Hellion x2  
  35  3:21  Viking  
  39  3:32  Marine  
  40  3:35  Supply Depot  Start wall in expa.
  41  3:36  Stimpack  
  44  3:53  Barracks x2  1 in factory reactor & 1 in starport reactor.
  46  4:05  Supply Depot  Wall in expa.
  47  4:11  Starport Reactor, Factory Tech Lab  Swap with barrack.
  48  4:15  Engineering Bay  Behind minerals in expa.
  49  4:24  Supply Depot  Wall in expa.
  49  4:25  Marine  
  51  4:30  Supply Depot  Wall in expa.
  51  4:33  Siege Tank  
  56  4:43  Terran Infantry Weapons Level 1  
  58  4:52  Marine x5  Constant production.
  63  4:57  Reactor  
  64  5:00  Refinery  
  65  5:02  Siege Tank  
  65  5:05  Supply Depot  
  73  5:21  Supply Depot  
  79  5:34  Medivac x2  
  83  5:38  Combat Shield  
  88  5:48  Supply Depot  
  89  5:53  Siege Tank  
  92  5:59  Action  Go to attack.
  97  6:12  Medivac x2  
Spawning Tool Build Advisor. Get it on Overwolf

Analysis

Get control map and deny creep with 4 hellions and the reaper for the incoming push.

If you're not going to win, continue like a normal macro game of bio units.

Following Buildings

  • 3rd CC.

  • Armory and bay for +2/+2.

  • 2 barracks with reactor and lab.

  • Factory.

Possible production: A reactor in that factory to make widow mines with the upgrade. Or a lab for double tank production with +1 for vehicles.

Go to:

Details

  • Created by: SamuTigreX
  • Published on: Mar 19, 2019
  • Modified on: Mar 30, 2019
  • Patch: 4.7.1
Show
View Real Time Build Order
Export as new Build Order

Comments (0)

There are no comments. Be the first!

Create an account to comment!